 Dungeon Crawl Stone Soup version 0.30-a0-859-gf88a04b62d (webtiles) character file.

Game seed: 14632573434500265859

23 BigDaddyOpFi the Sneak (level 2, 0/11 HPs)
             Began as a Felid Earth Elementalist on Mar 6, 2023.
             Succumbed to a kobold's poison
             ... on level 2 of the Dungeon.
             The game lasted 00:00:54 (1785 turns).

BigDaddyOpFi the Sneak (Felid Earth Elementalist)   Turns: 1785, Time: 00:00:54

Health: 0/11       AC:  1    Str:  4    XL:     2   Next: 75%
Magic:  4/6        EV: 17    Int: 16    God:
Gold:   90         SH:  0    Dex: 16    Spells: 4/5 levels left
                                        Lives:  0   Deaths: 0

rFire   . . .      SeeInvis +    (weapon unavailable)
rCold   . . .      Faith    .    (shield unavailable)
rNeg    . . .      Spirit   .    (body armour unavailable)
rPois   .          Reflect  .    (helmet unavailable)
rElec   .          Rampage  .    (cloak unavailable)
rCorr   .                        (gloves unavailable)
Will    .....                    (boots unavailable)
Stlth   ++                       (no amulet)
HPRegen 0.21/turn                (no ring)
MPRegen 0.10/turn                (no ring)

@: lethally poisoned (0 -> -14), quick
A: very small, claws 1, fangs 3, see invisible, speed 1, shaggy fur 1, stealthy
paws, no weapons or thrown items, no armour, multi-lived
a: no special abilities


You were on level 2 of the Dungeon.
You visited 1 branch of the dungeon, and saw 3 of its levels.

You collected 90 gold pieces.

Inventory:

Jewellery
 e - an amulet of the acrobat
Wands
 n - a wand of flame (19)
Scrolls
 b - a scroll of immolation {unknown}
 d - a scroll of fog {unknown}
 f - a scroll of teleportation {unknown}
 g - 5 scrolls of identify {unknown}
 i - a scroll of vulnerability {unknown}
Potions
 a - a potion of magic
 c - a potion of lignification {unknown}
 h - a potion of ambrosia {unknown}
 j - a potion of mutation {unknown}
 k - a potion of curing
 l - a potion of cancellation {unknown}
 m - a potion of might {unknown}
 o - 2 potions of heal wounds {unknown}


   Skills:
 + Level 3.1 Dodging
 + Level 3.2 Stealth
 + Level 2.2 Spellcasting
 + Level 1.6 Transmutations
 + Level 2.9 Earth Magic


You had 4 spell levels left.
You knew the following spells:

 Your Spells              Type           Power      Damage    Failure   Level
a - Sandblast             Erth           22%        2d7       6%          1

Your spell library contained the following spells:

 Spells                   Type           Power      Damage    Failure   Level
 Beastly Appendage        Tmut           14%        N/A       11%         1
 Passwall                 Tmut/Erth      7%         N/A       12%         2
 Wereblood                Tmut           7%         N/A       16%         2
 Freeze                   Ice            4%         1d3       21%         1
 Ensorcelled Hibernation  Hex/Ice        2%         N/A       30%         2
 Stone Arrow              Conj/Erth      12%        3d7       32%         3
 Spider Form              Tmut/Pois      4%         N/A       41%         3
 Frozen Ramparts          Ice            2%         1d1       52%         3
 Hailstorm                Conj/Ice       1%         3d3       52%         3
 Swiftness                Air            1%         N/A       52%         3
 Petrify                  Tmut/Erth      9%         N/A       61%         4


Dungeon Overview and Level Annotations

Branches:
Dungeon (3/15)

Altars:

Annotations:
D:3 Robin


Innate Abilities, Weirdness & Mutations

You have sharp claws.
You have razor-sharp teeth.
You have supernaturally acute eyesight. (SInv)
You cover ground quickly. (Speed+)
You are covered in fur. (AC +1)
Your paws help you pounce on unaware monsters.
You are incapable of wielding weapons or throwing items.
You cannot wear armour.
You gain extra lives every three experience levels.


Message History

You kill the quokka!
You can't see any susceptible monsters within range! (Use Z to cast anyway.) Magic restored.
You see here a quokka corpse.
You now have 90 gold pieces (gained 4).
A kobold comes into view.
It is wielding a +0 club and quivering poisoned darts.
A goblin comes into view. It is wielding a +0 club.
The kobold shouts!
You hear a shout! x2
The kobold throws a poisoned dart.
The poisoned dart hits you!
You are lethally poisoned!
There is a lethal amount of poison in your body!
You feel sick.
There is a lethal amount of poison in your body!
The blast of sand hits the kobold.
The kobold is heavily wounded.
The goblin shouts!
You feel very sick.
You hear a shout! x3
The blast of sand misses the kobold.
You feel sick. The kobold barely misses you. The kobold misses you.
A goblin comes into view. It is wielding a +0 club.
It was a potion of curing.
You feel better. The kobold hits you with a +0 club.
Robin of the Strong Arm comes into view.
They are wielding a +0 club.
The blast of sand hits the kobold but does no damage.
The kobold is moderately wounded.
Robin shouts!
You hear a shout!
The kobold hits you with a +0 club.
Robin roars a battlecry!
The goblins go into a battle-frenzy!
You hear a shout! x2
The kobold throws a poisoned dart.
The poisoned dart misses you.
You see here a quokka corpse.
The kobold throws a poisoned dart.
The poisoned dart hits you!
You are lethally poisoned!
You feel sick.
The kobold throws a poisoned dart.
The poisoned dart hits you!
You are more poisoned.
There is a stone staircase leading up here.
You feel very sick.
You climb upwards.
You die...

#....#.#.##..###.#
###.###......# #.#
##.#.#.##)####.#
##.##.##......#
####.######### #.# #.#
## #.# ########### .#
#.# #...@.....# .# #.#
#.#######.#
.########.###.# #####.##
.#.........##.# #......#
.....##.....#.# #.###..#
.#....##...##.###.# #..#
##................###..#
##...###.###..........#
##### #.# ##########.#


There were no monsters in sight!

Vanquished Creatures
  An adder (D:3)
  3 endoplasms
  2 giant cockroaches (D:1)
  2 quokkas
  2 ball pythons
  2 bats
  2 kobolds (D:1)
14 creatures vanquished.

Notes
Turn   | Place    | Note
-------+----------+-------------------------------------------
     0 | D:1      | BigDaddyOpFi the Felid Earth Elementalist began the quest
                  | for the Orb.
     0 | D:1      | Reached XP level 1. HP: 7/7 MP: 4/4
   812 | D:1      | Reached XP level 2. HP: 11/11 MP: 4/6
  1775 | D:3      | Noticed Robin
  1785 | D:2      | Succumbed to a kobold's poison

Illustrated notes

Levels and vault maps discovered:
D:1:      minmay_arrival_four_circles, layout_basic, grunt_decor_fettered,
          minmay_tromino_i4
D:2:      layout_loops_corners, eino_tiny_chamber
D:3:      layout_basic, mainiacjoe_overflow_boulevard,
          kennysheep_generic_room_4, uniq_robin

Skill      XL: |  1  2 |
---------------+-------+-----
Stealth        | 3 |  3.2
Dodging        | 3 |  3.1
Spellcasting   | |  2.2
Transmutations | |  1.6
Earth Magic    | |  2.9

Action                     || total
---------------------------++-------
  Melee: Unarmed           ||     3
   Cast: Sandblast         ||    27
    Use: Potion            ||     1
 Armour: Skin              ||     2
  Dodge: Dodged            ||    19

Table legend: (Time is in decaauts)
 A = Elapsed time spent in this place.
 B = Non-inter-level travel time spent in this place.
 C = Inter-level travel time spent in this place.
 D = Time resting spent in this place.
 E = Time spent auto-exploring this place.
 F = Levels seen in this place.
 G = Mean time per level.
                   A        B        C        D        E       F      G
               +--------+--------+--------+--------+--------+-----+--------+
         Total |   1508 |   1470 |     38 |      0 |   1338 |   3 |  502.7 |
       Dungeon |   1508 |   1470 |     38 |      0 |   1338 |   3 |  502.7 |
               +--------+--------+--------+--------+--------+-----+--------+

Top non-repeatable levels by time:
     D:1: 761 daAuts
     D:2: 686 daAuts
     D:3: 60 daAuts
